cohdb
Replays
Latest Replays
All Replays
Popular Replays
Top Player Replays
Match Explorer
How It Works
Community
CoH3 Stats
Reddit
Sign in to upload your games and track your stats! →
Sign in with Steam
Match 45359838
Unlisted
Match 45359838
Overview
Messages
Build Orders
End
Construct Barracks
Riflemen Squad
Riflemen Squad
Construct Weapon Support Center
M1919 Machine Gun Team
Riflemen Squad
Selects Advanced Infantry Battlegroup
Selects Convert to Ranger Squad
Convert to Ranger Squad
Air Support Center
P-47 Strafing Run
M1 Mortar Team
Selects Frontline Medical Station
Frontline Medical Station
Grasshopper Recon Run
P-47 Dive Bomb
P-47 Strafing Run
Construct Motor Pool
Grasshopper Recon Run
M1 Anti-tank Gun Team
P-47 Strafing Run
P-47 Dive Bomb
Grasshopper Recon Run
P-47 Strafing Run
Selects Infantry Assault
Selects Ammunition Storage
Selects M2A1 105mm Howitzer Emplacement
Convert to Ranger Squad
Advanced Air Reconnaissance
Construct Tank Depot
Grasshopper High-Altitude Recon Run
M4A1 Sherman Medium Tank
Grasshopper High-Altitude Recon Run
P-47 Strafing Run
Engineer Squad
Grasshopper High-Altitude Recon Run
P-47 Dive Bomb
Double Sortie
Ccorgi
47号
Jayx_KR
Be Frabjous
Henk
Hirys it's Irys
0
0
Comments
sign in to comment!
No comments posted yet!